[Event "ICC tourney 1916 (45 10)"]
[Site "Internet Chess Club"]
[Date "2020.07.12"]
[Round "1"]
[White "marabu"]
[Black "StevChess01"]
[Result "1-0"]
[ICCResult "Black checkmated"]
[WhiteElo "1417"]
[BlackElo "1261"]
[Opening "R?ti opening"]
[ECO "A04"]
[NIC "QP.10"]
[Time "11:05:52"]
[TimeControl "2700+10"]

1. Nf3 c5 2. b3 Nf6 3. Bb2 d5 4. e3 a6 5. d4 cxd4 6. Nxd4 Bg4 7. Be2 Bxe2 8.
Qxe2 e6 9. O-O Be7 10. Nd2 O-O 11. c4 Nbd7 12. Rfd1 Qb6 13. cxd5 Nxd5 14.
Nc4 Qd8 15. e4 N5f6 16. Nf3 Qb8 17. g3 Rc8 18. Bxf6 Nxf6 19. Nb6 Qc7 20.
Nxa8 Rxa8 21. Rac1 Qb6 22. Ne5 Re8 23. Kg2 h6 24. Rc2 Qa5 25. Nd7 b5 26.
Nxf6+ Bxf6 27. e5 Be7 28. Rd7 Bd8 29. Qf3 Rf8 30. Rc8 Qb6 31. Rcxd8 Rxd8 32.
Qxf7+ Kh8 33. Qxg7# {Black checkmated} 1-0

[Event "ICC tourney 1916 (45 10)"]
[Site "Internet Chess Club"]
[Date "2020.07.12"]
[Round "1"]
[White "Ghostrook"]
[Black "chessrex"]
[Result "0-1"]
[ICCResult "White resigns"]
[WhiteElo "1539"]
[BlackElo "1874"]
[Opening "Philidor: L?pez counter-gambit"]
[ECO "C41"]
[NIC "KP.10"]
[Time "11:05:48"]
[TimeControl "2700+10"]

1. e4 e5 2. Nf3 d6 3. Bc4 f5 4. d3 c6 5. O-O f4 6. a4 Qf6 7. Re1 g5 8. d4 g4
9. dxe5 dxe5 10. Nfd2 h5 11. Nf1 a5 12. c3 Bc5 13. b3 g3 14. Re2 Bxf2+ 15.
Rxf2 gxf2+ 16. Kxf2 Be6 17. Nbd2 Bg4 18. Nf3 Nd7 19. Ba3 O-O-O 20. Qd6 Qxd6
21. Bxd6 Rh6 22. Bxe5 Bxf3 23. Bxf4 Bxe4 24. Bxh6 Nxh6 25. Ng3 Rf8+ 26. Ke3
Bxg2 27. Nxh5 Ng4+ 28. Kd4 c5+ 29. Kd3 Nde5+ 30. Kd2 Nxc4+ 31. bxc4 Nxh2 32.
Ng7 Nf3+ 33. Kc2 Ne5 34. Kb3 Bf1 35. Ne6 Bxc4+ 36. Ka3 Bxe6 {White resigns}
0-1

[Event "ICC tourney 1916 (45 10)"]
[Site "Internet Chess Club"]
[Date "2020.07.12"]
[Round "1"]
[White "knvsback"]
[Black "BrianDeSousa"]
[Result "0-1"]
[ICCResult "White checkmated"]
[WhiteElo "1307"]
[BlackElo "1477"]
[Opening "Sicilian: Hungarian variation"]
[ECO "B27"]
[NIC "SI.43"]
[Time "11:05:51"]
[TimeControl "2700+10"]

1. e4 c5 2. Nf3 g6 3. c3 Bg7 4. d4 cxd4 5. cxd4 d5 6. e5 Bg4 7. Nc3 Nc6 8.
Bb5 e6 9. O-O Ne7 10. Bg5 O-O 11. Bxc6 bxc6 12. Re1 f6 13. exf6 Bxf6 14. Bh6
Rf7 15. Ne2 Nf5 16. Be3 Bxf3 17. gxf3 Nh4 18. f4 Nf3+ 19. Kg2 Nxe1+ 20. Qxe1
c5 21. Qd2 c4 22. Ng1 Rb8 23. Nf3 Qb6 24. Rb1 Qb4 25. Ne5 Bxe5 26. fxe5 c3
27. Qd3 Qc4 28. Qc2 Qxa2 29. Qc1 Rxb2 30. Ra1 Rbxf2+ 31. Bxf2 Rxf2+ 32. Kg3
Rg2+ 33. Kf3 Qf2# {White checkmated} 0-1

[Event "ICC tourney 1916 (45 10)"]
[Site "Internet Chess Club"]
[Date "2020.07.12"]
[Round "1"]
[White "chesslin"]
[Black "bbrockva"]
[Result "1-0"]
[ICCResult "Black checkmated"]
[WhiteElo "1750"]
[BlackElo "1553"]
[Opening "Queen's pawn, Mason variation"]
[ECO "D00"]
[NIC "QP.08"]
[Time "11:20:58"]
[TimeControl "2700+10"]

1. d4 d5 2. Bf4 Nf6 3. e3 c5 4. c3 Nc6 5. Bd3 Qb6 6. Qc1 Bg4 7. h3 Bh5 8.
Nd2 e6 9. Ngf3 Bg6 10. Qc2 Be7 11. O-O O-O 12. Rac1 Rac8 13. Bxg6 hxg6 14.
Qb1 cxd4 15. exd4 Na5 16. Ne5 Nc6 17. Bg5 Qd8 18. Rce1 Nd7 19. Bxe7 Qxe7 20.
f4 Ncxe5 21. fxe5 b5 22. Qd3 a6 23. Rf4 Nb6 24. b4 Na4 25. Rc1 Nb2 26. Qg3
Rc7 27. Nb3 Nc4 28. Rcf1 Ra7 29. Nc5 a5 30. Rf6 gxf6 31. exf6 Qc7 32. Qg5
Kh7 33. Qh4+ Kg8 34. Qh6 Rc8 35. Qg7# {Black checkmated} 1-0

[Event "ICC tourney 1916 (45 10)"]
[Site "Internet Chess Club"]
[Date "2020.07.12"]
[Round "1"]
[White "MIEMBR"]
[Black "TimSage"]
[Result "0-1"]
[ICCResult "White forfeits on time"]
[WhiteElo "1418"]
[BlackElo "1540"]
[Opening "Queen's pawn game"]
[ECO "E06"]
[NIC "CA.05"]
[Time "11:05:57"]
[TimeControl "2700+10"]

1. d4 Nf6 2. Nf3 e6 3. g3 d5 4. Bg2 Be7 5. O-O O-O 6. c4 dxc4 7. Qc2 b6 8.
Ne5 Qxd4 9. Bxa8 Qxe5 10. Bf4 Qh5 11. Bg2 e5 12. Bd2 Bh3 13. f3 e4 14. Be3
Bc5 15. Bf2 Nc6 16. Bxh3 Bxf2+ 17. Rxf2 Qxh3 18. Qxc4 Ne5 19. Qd4 Re8 20.
Nc3 c5 21. Qa4 e3 22. Rg2 h5 23. Ne4 Re7 24. Nxf6+ gxf6 25. Rd1 Qe6 26. Rd8+
Kg7 27. Qd1 Qxa2 28. Qc1 Nc6 29. Rd6 Nd4 30. h4 f5 31. g4 hxg4 32. fxg4 f4
33. g5 f3 34. exf3 e2 35. Qf4 e1=Q+ 36. Kh2 Qe5 {White forfeits on time} 0-1

[Event "ICC tourney 1916 (45 10)"]
[Site "Internet Chess Club"]
[Date "2020.07.12"]
[Round "1"]
[White "IAlwaysWin"]
[Black "Knightoffaith"]
[Result "1/2-1/2"]
[ICCResult "Game drawn because neither player has mating material"]
[WhiteElo "1620"]
[BlackElo "1474"]
[Opening "R?ti opening"]
[ECO "A05"]
[NIC "QP.11"]
[Time "11:05:56"]
[TimeControl "2700+10"]

1. Nf3 Nf6 2. e3 b6 3. c4 Bb7 4. b3 d6 5. Bb2 e5 6. d4 exd4 7. Bxd4 Nbd7 8.
Be2 Be7 9. O-O O-O 10. Bb2 Ne4 11. Qc2 Bf6 12. Nc3 Nxc3 13. Bxc3 Bxc3 14.
Qxc3 Nf6 15. Rad1 Ne4 16. Qc2 Qe7 17. Nd4 Rfe8 18. Bf3 a6 19. a4 Rad8 20.
Ne2 Qe5 21. Nf4 c6 22. h4 d5 23. cxd5 cxd5 24. Bxe4 Qxe4 25. Qd3 h6 26. Qd4
Rd6 27. Rd2 Qxd4 28. Rxd4 Re4 29. Rfd1 Rxd4 30. Rxd4 f5 31. f3 g5 32. hxg5
hxg5 33. Ne2 Kf7 34. Rd3 Ke7 35. Nd4 Kf6 36. Rc3 Rd7 37. Kf2 Ke5 38. Rd3 Rc7
39. g4 fxg4 40. fxg4 Rf7+ 41. Nf3+ Kf6 42. Kg3 Re7 43. Rc3 Rd7 44. Nd4 Ke5
45. Nf3+ Kf6 46. Rc1 Re7 47. Kf2 Rg7 48. Rh1 Kg6 49. Rh5 Kf6 50. Rh6+ Rg6
51. Rh8 Rg7 52. Rf8+ Ke7 53. Rf5 Bc8 54. Rxd5 Bxg4 55. Rxg5 Rxg5 56. Nxg5
Bd1 57. b4 Bxa4 58. Ke2 a5 59. bxa5 bxa5 60. Kd2 Bc6 61. Nh3 Kd6 62. Nf4 Ke5
63. Nd3+ Kd6 64. Kc3 Be4 65. Nb2 Bd5 66. Kd4 Bb3 67. Kc3 a4 68. Nd3 Kd5 69.
e4+ Kxe4 70. Nc5+ Kd5 71. Nxb3 axb3 72. Kxb3
{Game drawn because neither player has mating material}
1/2-1/2

[Event "ICC tourney 1916 (45 10)"]
[Site "Internet Chess Club"]
[Date "2020.07.12"]
[Round "1"]
[White "xyzchessdude"]
[Black "arenfroc"]
[Result "1-0"]
[ICCResult "Black resigns"]
[WhiteElo "1544"]
[BlackElo "1284"]
[Opening "English opening"]
[ECO "A05"]
[NIC "QP.11"]
[Time "11:05:52"]
[TimeControl "2700+10"]

1. Nf3 Nf6 2. c4 e6 3. g3 b6 4. Bg2 Bb7 5. O-O Be7 6. b3 O-O 7. Bb2 c5 8.
Nc3 d5 9. cxd5 Nxd5 10. Nxd5 Bxd5 11. Qc2 Nc6 12. d3 Bf6 13. Rfd1 Rc8 14. e4
Nb4 15. Qe2 Bb7 16. e5 Be7 17. a3 Nc6 18. d4 cxd4 19. Nxd4 Qc7 20. Nb5 Qb8
21. Nd6 Rc7 22. Rac1 Na5 23. Rxc7 Qxc7 24. Nxb7 Nxb7 25. b4 a5 26. Rc1 Qb8
27. Qa6 axb4 28. axb4 Bxb4 29. Qxb7 Bc5 30. Qxb8 Rxb8 31. Ra1 Kf8 32. Ra8
Re8 33. Kf1 Ke7 34. Rxe8+ Kxe8 35. Ke2 Kd7 36. Be4 g6 37. f3 b5 38. Kd3 Bg1
39. h3 Bf2 40. g4 Kc7 41. Bd4 Be1 42. Kc2 Ba5 43. Kb3 Be1 44. Bc3 Bf2 45.
Ba5+ Kd7 46. Bc3 Kc7 47. Bd2 Kb6 48. Bg5 Kc5 49. Bd8 Be1 50. Bc7 Bg3 51. Kc3
Be1+ 52. Kd3 Bh4 53. Bd6+ Kb6 54. Bb4 Bf2 55. f4 Kc7 56. Ke2 Bd4 57. Kf3 Kb6
58. Bd3 Kc6 59. Ke4 Bf2 60. Bc2 Bb6 61. Bb3 Bf2 62. f5 Kd7 63. fxe6+ fxe6
64. Bd6 Be1 65. Ke3 Bh4 66. Kf3 Be1 67. g5 Bh4 68. Kg4 Be1 69. h4 Bd2 70. h5
b4 71. hxg6 hxg6 72. Bc2 Kc6 73. Bxg6 b3 74. Bb1 Kd5 75. Kh5 {Black resigns}
1-0

[Event "ICC tourney 1916 (45 10)"]
[Site "Internet Chess Club"]
[Date "2020.07.12"]
[Round "2"]
[White "chessrex"]
[Black "marabu"]
[Result "1/2-1/2"]
[ICCResult "Game drawn by mutual agreement"]
[WhiteElo "1871"]
[BlackElo "1508"]
[Opening "Blackmar gambit"]
[ECO "D00"]
[NIC "QP.08"]
[Time "13:34:00"]
[TimeControl "2700+10"]

1. d4 d5 2. e4 dxe4 3. Nc3 Nf6 4. f3 Bf5 5. g4 Bg6 6. h4 h5 7. g5 Nd5 8.
Nxe4 e6 9. a3 a6 10. Ne2 Nc6 11. c3 Nb6 12. Nf4 Bxe4 13. fxe4 e5 14. Ne2
exd4 15. cxd4 Qe7 16. Bg2 O-O-O 17. O-O g6 18. Qb3
{Game drawn by mutual agreement}
1/2-1/2

[Event "ICC tourney 1916 (45 10)"]
[Site "Internet Chess Club"]
[Date "2020.07.12"]
[Round "2"]
[White "BrianDeSousa"]
[Black "arconsul2"]
[Result "1-0"]
[ICCResult "Black resigns"]
[WhiteElo "1490"]
[BlackElo "1223"]
[Opening "Queen's pawn, Mason variation"]
[ECO "D00"]
[NIC "QP.08"]
[Time "13:34:00"]
[TimeControl "2700+10"]

1. d4 d5 2. Bf4 Nf6 3. e3 c5 4. Nc3 e6 5. Nb5 Na6 6. Nf3 c4 7. a4 Bb4+ 8. c3
Ba5 9. Nd6+ Kf8 10. Ng5 Qb6 11. Rb1 Ke7 12. Ngxf7 Rf8 13. Nxc8+ Raxc8 14.
Nd6 Rc6 15. Nb5 Nb8 16. Be2 a6 17. Na3 Nbd7 18. O-O Qd8 19. f3 Nh5 20. Bg5+
Nhf6 21. e4 h6 22. Bxf6+ Nxf6 23. e5 Ng8 24. f4 Ke8 25. Bh5+ Kd7 26. Qg4 Qe7
27. f5 Bd8 28. fxe6+ Rxe6 29. Rxf8 Qxf8 30. Rf1 {Black resigns} 1-0

[Event "ICC tourney 1916 (45 10)"]
[Site "Internet Chess Club"]
[Date "2020.07.12"]
[Round "2"]
[White "StevChess01"]
[Black "clair"]
[Result "1/2-1/2"]
[ICCResult "Game drawn by repetition"]
[WhiteElo "1285"]
[BlackElo "1584"]
[Opening "Modern defense"]
[ECO "A40"]
[NIC "QO.17"]
[Time "13:33:58"]
[TimeControl "2700+10"]

1. d4 g6 2. e4 Nf6 3. f3 d6 4. c4 c5 5. Ne2 h5 6. Nbc3 cxd4 7. Nxd4 Nc6 8.
Be3 Bg7 9. Qd2 Bd7 10. Rc1 a6 11. Be2 Qa5 12. O-O Qe5 13. Rfd1 O-O 14. Nd5
Nxd5 15. cxd5 Nxd4 16. Bxd4 Qxd4+ 17. Qxd4 Bxd4+ 18. Rxd4 Rfc8 19. Rdd1 Kg7
20. Kf2 Kf6 21. Ke3 g5 22. Kd4 h4 23. b3 b5 24. b4 e6 25. dxe6 Bxe6 26. a3
Ke7 27. Ke3 f6 28. Kd4 Kd7 29. Bd3 Bb3 30. Re1 Be6 31. Red1 Rab8 32. Re1 Ra8
33. Red1 {Game drawn by repetition} 1/2-1/2

[Event "ICC tourney 1916 (45 10)"]
[Site "Internet Chess Club"]
[Date "2020.07.12"]
[Round "2"]
[White "cdj12417489"]
[Black "xyzchessdude"]
[Result "0-1"]
[ICCResult "White forfeits on time"]
[WhiteElo "1123"]
[BlackElo "1543"]
[Opening "Sicilian"]
[ECO "B56"]
[NIC "SI.25"]
[Time "13:34:04"]
[TimeControl "2700+10"]

1. e4 c5 2. Nf3 Nc6 3. d4 cxd4 4. Nxd4 Nf6 5. Nc3 d6 6. Bb5 Bd7 7. O-O e6 8.
a3 Be7 9. Ba4 a6 10. Bb3 Qc7 11. f4 Nxd4 12. Qxd4 d5 13. Kh1 dxe4 14. Nxe4
Rd8 15. Nxf6+ Bxf6 16. Qf2 O-O 17. c3 Bb5 18. Rd1 Bc4 19. Rxd8 Rxd8 20. Bc2
b5 21. Be3 Qc6 22. h3 Bd3 23. Rd1 Bxc2 24. Rxd8+ Bxd8 25. Qxc2 Qd5 26. Bd4
Bc7 27. Qf2 Qe4 28. Be5 Bxe5 29. fxe5 h6 30. Qd4 Qb1+ 31. Kh2 Qxb2 32. Qb4
Qxb4 33. cxb4 f5 34. Kg3 g5 35. Kf3 Kf7 36. g4 f4 37. h4 Ke7 38. h5 Kd7 39.
Ke4 Kc6 40. Kd4 f3 41. Ke3 Kd5 42. Kxf3 Kxe5 43. Ke3 Kd5 44. Kd3 e5 45. Ke3
e4 46. Ke2 Kd4 47. Kd2 e3+ 48. Ke2 Ke4 49. Kf1 Kf3 50. Ke1 e2
{White forfeits on time}
0-1

[Event "ICC tourney 1916 (45 10)"]
[Site "Internet Chess Club"]
[Date "2020.07.12"]
[Round "2"]
[White "TimSage"]
[Black "chesslin"]
[Result "1-0"]
[ICCResult "Black resigns"]
[WhiteElo "1693"]
[BlackElo "1746"]
[Opening "King's Indian: S?misch, 5...O-O"]
[ECO "E81"]
[NIC "KI.54"]
[Time "13:34:03"]
[TimeControl "2700+10"]

1. e4 g6 2. d4 Bg7 3. c4 d6 4. Nc3 Nf6 5. f3 O-O 6. Be3 c6 7. Qd2 e5 8. Nge2
Re8 9. d5 cxd5 10. cxd5 Na6 11. g4 Bxg4 12. fxg4 Nxg4 13. h4 h5 14. O-O-O
Rc8 15. Kb1 Nb4 16. Nc1 Kh7 17. Bh3 Nxe3 18. Qxe3 Rc5 19. Nb3 Rc4 20. Qe2
Rc7 21. Nb5 Rce7 22. Rc1 Qb6 23. Na3 Bh6 24. Rc3 Na6 25. Rf1 Bf4 26. Qb5 Qd8
27. Rc8 Qxc8 28. Bxc8 Rxc8 29. Nc4 Rd8 30. Nca5 Rdd7 31. Nxb7 Rxb7 32. Qxa6
Rb6 33. Qc8 Reb7 34. Qf8 a5 35. Rf2 Rc7 36. Rc2 Bh6 37. Qxh6+ Kxh6 38. Rxc7
a4 39. Nd2 f5 40. Rc6 Rb4 41. Rxd6 fxe4 42. Nf1 Rd4 43. Kc2 Kg7 44. Ne3 Rd3
45. Nc4 Rh3 46. Nxe5 Rxh4 47. Rxg6+ Kh7 48. d6 Rh2+ 49. Kc3 Rh3+ 50. Kd4
Rd3+ 51. Kxe4 Rd2 52. Re6 h4 53. d7 h3 54. Re7+ Kh6 55. Nf3 Re2+ 56. Kf4
Rxe7 57. d8=Q Rf7+ 58. Kg4 Rxf3 59. Kxf3 {Black resigns} 1-0

[Event "ICC tourney 1916 (45 10)"]
[Site "Internet Chess Club"]
[Date "2020.07.12"]
[Round "2"]
[White "arenfroc"]
[Black "MIEMBR"]
[Result "1/2-1/2"]
[ICCResult "Game drawn by repetition"]
[WhiteElo "1311"]
[BlackElo "1417"]
[Opening "Sicilian defense"]
[ECO "B44"]
[NIC "SI.39"]
[Time "13:34:09"]
[TimeControl "2700+10"]

1. e4 c5 2. Nf3 e6 3. d4 cxd4 4. Nxd4 Nc6 5. Be3 Qc7 6. c3 a6 7. Bd3 Nf6 8.
h3 d5 9. Nd2 Be7 10. Qe2 Bd7 11. O-O b5 12. Rac1 O-O 13. f4 dxe4 14. Nxe4
Nxe4 15. Bxe4 Rab8 16. Qf2 Bf6 17. Nf3 Ne7 18. Qg3 Nf5 19. Bxf5 exf5 20. Ne5
Bc6 21. Bd4 Be4 22. Qe3 Qb7 23. Rf2 Rbd8 24. Kh2 Rd5 25. g4 Rfd8 26. gxf5
Bxf5 27. Rg1 b4 28. Nf3 Qc6 29. Rfg2 g6 30. Ne5 Qe6 31. Re2 bxc3 32. bxc3
Re8 33. Qg3 Qc8 34. Rgg2 Bg7 35. Rd2 Be4 36. Rge2 Bf5 37. Qf3 Rdd8 38. h4
Re6 39. Kg3 Rde8 40. Rb2 h5 41. Rb7 R6e7 42. Rbb2 Bg4 43. Nxg4 Rxe2 44. Rxe2
Rxe2 45. Qxe2 hxg4 46. Bxg7 Kxg7 47. Qe5+ Kg8 48. Qd4 Qe6 49. a4 f5 50. Qd8+
Kf7 51. Qc7+ Qe7 52. Qc4+ Qe6 53. Qc7+ Qe7 54. Qc4+ Qe6 55. Qc7+
{Game drawn by repetition}
1/2-1/2

[Event "ICC tourney 1916 (45 10)"]
[Site "Internet Chess Club"]
[Date "2020.07.12"]
[Round "2"]
[White "Ghostrook"]
[Black "knvsback"]
[Result "0-1"]
[ICCResult "White resigns"]
[WhiteElo "1482"]
[BlackElo "1423"]
[Opening "Petrov's defense"]
[ECO "C42"]
[NIC "RG.03"]
[Time "13:33:58"]
[TimeControl "2700+10"]

1. e4 e5 2. Nf3 Nf6 3. Nxe5 d6 4. Nf3 Nxe4 5. Bc4 d5 6. Bb3 Be7 7. c3 O-O 8.
O-O Bg4 9. h3 Bh5 10. d4 c6 11. Nbd2 f5 12. Re1 Kh8 13. Nf1 Nd7 14. Qd3 Ndf6
15. Ne5 Qe8 16. f3 Nd6 17. g4 fxg4 18. hxg4 Bf7 19. Ng3 Nd7 20. Kg2 Nxe5 21.
Rxe5 Qd7 22. Bd2 Bg6 23. Qe2 Bf6 24. Re6 Bf7 25. Re3 Rae8 26. Rh1 Rxe3 27.
Qxe3 Re8 28. Qd3 g6 29. Bc2 Qe7 30. Re1 Qd7 31. Rxe8+ Qxe8 32. Nh5 Bg7 33.
Nxg7 Kxg7 34. Bf4 Nc4 35. b3 Nb6 36. Be5+ Kg8 37. Qe3 Nd7 38. f4 Nxe5 39.
dxe5 b6 40. f5 Qe7 41. f6 Qe8 42. Kf3 Be6 43. Qg5 Qd7 44. Kf4 Qf7 45. Qh6
Bd7 46. Bd3 Be6 47. Ba6 Qc7 48. Bd3 Qf7 49. Bf1 Qf8 50. Qg5 Kf7 51. Ba6 h6
52. Qh4 g5+ {White resigns} 0-1

[Event "ICC tourney 1916 (45 10)"]
[Site "Internet Chess Club"]
[Date "2020.07.12"]
[Round "3"]
[White "IAlwaysWin"]
[Black "chessrex"]
[Result "1/2-1/2"]
[ICCResult "Game drawn by repetition"]
[WhiteElo "1630"]
[BlackElo "1861"]
[Opening "R?ti opening"]
[ECO "A04"]
[NIC "QP.11"]
[Time "16:02:59"]
[TimeControl "2700+10"]

1. Nf3 d6 2. d4 Nf6 3. Nc3 d5 4. g3 c6 5. Bg2 Bf5 6. Nh4 Be6 7. O-O Qd7 8.
e4 dxe4 9. Nxe4 Nxe4 10. Bxe4 g6 11. Be3 Bg7 12. c3 O-O 13. Bg2 Bh3 14. Nf3
Bxg2 15. Kxg2 Na6 16. Qd2 Rfe8 17. Rad1 Rad8 18. Qc2 Nc7 19. Rfe1 e6 20. Bg5
Rb8 21. Qa4 a6 22. Bf4 Ra8 23. Qa5 Nd5 24. Bc1 b5 25. Qa3 Qe7 26. Ne5 Qxa3
27. bxa3 Bxe5 28. dxe5 Nxc3 29. Rd2 Rad8 30. Rc2 Nd5 31. Rxc6 Ra8 32. Bg5
Rec8 33. Rec1 Rxc6 34. Rxc6 Kf8 35. Bd2 Ke8 36. Bb4 Kd7 37. Rd6+ Ke8 38. Ba5
Kf8 39. f4 Kg7 40. Kf3 Rc8 41. Rxa6 Rc2 42. Bb4 Rxa2 43. Bd6 Rxh2 44. Ra8 h5
45. Rb8 Rb2 46. Bf8+ Kh7 47. Rb7 Rb3+ 48. Kf2 Kg8 49. Rb8 Kh7 50. Rb7 Kg8
51. Rb8 Kh7 52. Rb7 Kg8 {Game drawn by repetition} 1/2-1/2

[Event "ICC tourney 1916 (45 10)"]
[Site "Internet Chess Club"]
[Date "2020.07.12"]
[Round "3"]
[White "arenfroc"]
[Black "Ghostrook"]
[Result "1-0"]
[ICCResult "Black resigns"]
[WhiteElo "1376"]
[BlackElo "1432"]
[Opening "French defense, Steiner variation"]
[ECO "C00"]
[NIC "FR.01"]
[Time "16:01:31"]
[TimeControl "2700+10"]

1. e4 e6 2. c4 c5 3. Nf3 g6 4. d4 cxd4 5. Nxd4 Bg7 6. Be3 Ne7 7. Be2 O-O 8.
Nc3 Nbc6 9. O-O Nxd4 10. Bxd4 e5 11. Bc5 Re8 12. Nb5 Nc6 13. Bd6 b6 14. Nc7
Bb7 15. Nxa8 Bxa8 16. f3 Bf8 17. Bxf8 Rxf8 18. Qd3 Nd4 19. Rac1 d6 20. b4
Qe7 21. c5 dxc5 22. bxc5 bxc5 23. Rc3 Qe6 24. Qd2 Rd8 25. Qb2 Qd6 26. Bc4
Rb8 27. Qa3 Rd8 28. Qxa7 Nxf3+ 29. Rfxf3 Qd1+ 30. Bf1 Qd4+ 31. Kh1 Bxe4 32.
Qxf7+ Kh8 33. Rh3 h5 34. Qf6+ Kh7 35. Qe7+ Kh8 36. Qxc5 Qf2 37. Qxf2
{Black resigns}
1-0

[Event "ICC tourney 1916 (45 10)"]
[Site "Internet Chess Club"]
[Date "2020.07.12"]
[Round "3"]
[White "clair"]
[Black "chesslin"]
[Result "0-1"]
[ICCResult "White checkmated"]
[WhiteElo "1575"]
[BlackElo "1755"]
[Opening "Modern defense"]
[ECO "A40"]
[NIC "QO.17"]
[Time "16:01:37"]
[TimeControl "2700+10"]

1. d4 g6 2. Bf4 Bg7 3. Nc3 d6 4. e4 Nc6 5. Nf3 Bg4 6. Be3 e5 7. d5 Bxf3 8.
gxf3 Nce7 9. Bg5 Nf6 10. Qd2 h6 11. Be3 Nh5 12. Bh3 g5 13. O-O-O Ng6 14.
Rhg1 a6 15. Bg4 Nhf4 16. Ne2 h5 17. Bf5 Nh4 18. Bxf4 exf4 19. Qd3 Qf6 20. c3
b5 21. Nd4 b4 22. Rge1 O-O 23. cxb4 Rab8 24. a3 Rb6 25. Re2 Re8 26. Rc2 Re5
27. Rxc7 Nxf5 28. exf5 Rxd5 29. Rc8+ Kh7 30. Rc4 a5 31. Qe4 Re5 32. Qc2 axb4
33. Rxb4 Rc5 34. Qxc5 dxc5 35. Rxb6 Qxb6 36. Nc2 Qxb2+ 37. Kd2 Qc3+ 38. Kc1
Bd4 39. a4 Bxf2 40. Rd7 Kg7 41. Kd1 Qxf3+ 42. Kc1 Be3+ 43. Nxe3 Qxe3+ 44.
Kb2 f3 45. a5 f2 46. a6 Qe2+ 47. Kb3 Qxa6 48. Rc7 Qb6+ 49. Kc4 Qxc7 50. f6+
Kxf6 51. Kd5 f1=Q 52. h4 Qd3# {White checkmated} 0-1

[Event "ICC tourney 1916 (45 10)"]
[Site "Internet Chess Club"]
[Date "2020.07.12"]
[Round "3"]
[White "marabu"]
[Black "Knightoffaith"]
[Result "1-0"]
[ICCResult "Black resigns"]
[WhiteElo "1541"]
[BlackElo "1407"]
[Opening "Queen's Indian: Nimzovich variation (exaggerated fianchetto)"]
[ECO "E15"]
[NIC "QI.05"]
[Time "16:01:33"]
[TimeControl "2700+10"]

1. Nf3 Nf6 2. d4 e6 3. c4 b6 4. g3 Ba6 5. Qc2 Be7 6. Bg2 Bb7 7. Nc3 d5 8.
O-O O-O 9. cxd5 exd5 10. Bf4 Nbd7 11. Rac1 c6 12. Rfd1 Re8 13. Qa4 a6 14.
Qb3 Bf8 15. Bh3 Ne4 16. Nxe4 dxe4 17. Bxd7 Qxd7 18. Ne5 Qe7 19. Qxb6 Qb4 20.
Qxb4 Bxb4 21. Nxc6 Bxc6 22. Rxc6 Rec8 23. Rdc1 Rxc6 24. Rxc6 a5 25. g4 h6
26. e3 Kf8 27. Kf1 Ke7 28. Ke2 Rd8 29. a3 Bd6 30. Rxd6 {Black resigns} 1-0

[Event "ICC tourney 1916 (45 10)"]
[Site "Internet Chess Club"]
[Date "2020.07.12"]
[Round "3"]
[White "bbrockva"]
[Black "cdj12417489"]
[Result "1/2-1/2"]
[ICCResult "Game drawn by mutual agreement"]
[WhiteElo "1548"]
[BlackElo "1177"]
[Opening "Nimzo-Indian: classical, Noa variation, 5.cd ed"]
[ECO "E35"]
[NIC "NI.23"]
[Time "16:01:30"]
[TimeControl "2700+10"]

1. d4 Nf6 2. c4 e6 3. Nc3 Bb4 4. Qc2 d5 5. cxd5 exd5 6. Bg5 O-O 7. Nf3 h6 8.
Bh4 Nbd7 9. e3 c6 10. Bd3 Qe8 11. O-O Bxc3 12. bxc3 Ne4 13. Rae1 f5 14. Nd2
Ndf6 15. f3 Nxd2 16. Qxd2 Qh5 17. Bg3 Bd7 18. Be5 Qg6 19. Rf2 Qf7 20. Qc2 b5
21. Bxf5 Bxf5 22. Qxf5 g6 23. Qf4 Qg7 24. Qg3 Qh7 25. Qh3 Rae8 26. Rfe2
{Game drawn by mutual agreement}
1/2-1/2

[Event "ICC tourney 1916 (45 10)"]
[Site "Internet Chess Club"]
[Date "2020.07.12"]
[Round "3"]
[White "arconsul2"]
[Black "TimSage"]
[Result "0-1"]
[ICCResult "White resigns"]
[WhiteElo "1226"]
[BlackElo "1682"]
[Opening "English: Neo-Catalan declined"]
[ECO "E06"]
[NIC "CA.05"]
[Time "16:01:39"]
[TimeControl "2700+10"]

1. Nf3 Nf6 2. g3 d5 3. c4 e6 4. Bg2 Be7 5. O-O O-O 6. d4 dxc4 7. Qc2 b6 8.
Nbd2 Bb7 9. Nxc4 Be4 10. Qd1 c5 11. e3 Nbd7 12. b3 Rc8 13. Bb2 b5 14. Nce5
a6 15. dxc5 Nxc5 16. Nd4 Bxg2 17. Kxg2 Qd5+ 18. Ndf3 Qb7 19. Qe2 Nce4 20.
Kg1 Nd5 21. Nd4 Bf6 22. Ng4 Bxd4 23. exd4 Ng5 24. f3 h5 25. Nf2 Rc2 26. Qxc2
Ne3 27. Qe4 Nxe4 28. Nxe4 Nxf1 29. Rxf1 Rc8 30. Rf2 b4 31. Nc5 Qb5
{White resigns}
0-1

[Event "ICC tourney 1916 (45 10)"]
[Site "Internet Chess Club"]
[Date "2020.07.12"]
[Round "3"]
[White "MIEMBR"]
[Black "StevChess01"]
[Result "0-1"]
[ICCResult "White resigns"]
[WhiteElo "1402"]
[BlackElo "1320"]
[Opening "Queen's pawn game"]
[ECO "A46"]
[NIC "QP.06"]
[Time "16:01:31"]
[TimeControl "2700+10"]

1. d4 Nf6 2. Nf3 d6 3. g3 g6 4. Bg2 Bg7 5. O-O O-O 6. b3 c6 7. Bb2 Bf5 8. c4
Nbd7 9. Nc3 Ne4 10. Qc1 Nxc3 11. Bxc3 Nf6 12. Nd2 d5 13. Re1 Bh6 14. e3 Qd7
15. Nf3 Be4 16. Ne5 Qc8 17. f3 Bf5 18. g4 Be6 19. h4 Nd7 20. g5 Nxe5 21.
dxe5 Bg7 22. cxd5 Bxd5 23. Qb2 Be6 24. Rad1 Qc7 25. Rd2 Rfd8 26. Red1 Bf8
27. Qa3 b6 28. Rxd8 Rxd8 29. Rxd8 Qxd8 30. Qxa7 Qd1+ 31. Kh2 Qc1 32. Bd4 c5
33. Qc7 Qd2 34. Bxc5 bxc5 35. Qxc5 Qxa2 36. b4 Bc4 37. Kg3 e6 38. Qd4 Qb3
39. h5 Qxb4 40. h6 Qc5 41. Qb2 Qxe3 42. Qa1 Qxg5+ 43. Kh2 Qxh6+ 44. Bh3 Bd5
45. Qc3 Qf4+ 46. Kg2 h5 47. Qd3 Qxe5 48. Kh1 Qg3 49. Bg2 h4 50. Qc3 h3
{White resigns}
0-1

[Event "ICC tourney 1916 (45 10)"]
[Site "Internet Chess Club"]
[Date "2020.07.12"]
[Round "3"]
[White "xyzchessdude"]
[Black "BrianDeSousa"]
[Result "1-0"]
[ICCResult "Black resigns"]
[WhiteElo "1558"]
[BlackElo "1462"]
[Opening "Queen's pawn: London system"]
[ECO "A45"]
[NIC "QP.07"]
[Time "16:01:28"]
[TimeControl "2700+10"]

1. d4 Nf6 2. Bf4 c5 3. d5 d6 4. Nc3 Qb6 5. e4 Nxe4 6. Nxe4 Qb4+ 7. Qd2 Qxe4+
8. Ne2 Bf5 9. O-O-O Qb4 10. Qxb4 cxb4 11. Nd4 Bd7 12. Bc4 h6 13. Rhe1 Kd8
14. Bd2 a5 15. c3 Na6 16. Kb1 g6 17. Bxa6 Rxa6 18. cxb4 axb4 19. Bxb4 Bg7
20. Bc3 Bf6 21. Ne2 Bf5+ 22. Ka1 Bc2 23. Bxf6 exf6 24. Rd2 Bb3 25. Nc3 Re8
26. Rxe8+ Kxe8 27. Kb1 Bc4 28. b3 Bf1 29. f3 f5 30. a4 Ra8 31. Kb2 Kd7 32.
f4 Re8 33. Rf2 Bd3 34. Rd2 Be4 35. g3 Bf3 36. b4 g5 37. a5 gxf4 38. gxf4 Rg8
39. Rf2 Be4 40. Ka3 Rc8 41. Kb3 Rg8 42. Rd2 Rg1 43. Rf2 Bd3 44. Rd2 Be4 45.
b5 Ra1 46. Ra2 Rxa2 47. Kxa2 Bf3 48. Kb3 Kc7 49. Kb4 Kb8 50. b6 f6 51. Kc4
Bg2 52. Nb5 Bf1+ 53. Kb4 Bg2 54. Nxd6 Bxd5 55. Nxf5 h5 56. h4 Bf3 57. Kc5
Kc8 58. Kd6 Be4 59. Ng7 Bf3 60. Ke7 f5 61. Nxf5 Bg4 62. Nd6+ Kb8 63. f5 Bf3
64. f6 Bd5 65. f7 {Black resigns} 1-0

[Event "ICC tourney 1916 (45 10)"]
[Site "Internet Chess Club"]
[Date "2020.07.12"]
[Round "4"]
[White "chessrex"]
[Black "arenfroc"]
[Result "1-0"]
[ICCResult "Black resigns"]
[WhiteElo "1862"]
[BlackElo "1388"]
[Opening "Paleface attack"]
[ECO "A45"]
[NIC "QP.07"]
[Time "18:31:04"]
[TimeControl "2700+10"]

1. d4 Nf6 2. f3 e6 3. e4 d6 4. Be3 Be7 5. Nc3 a6 6. a4 O-O 7. Bd3 b6 8. Nge2
Nbd7 9. O-O Bb7 10. Ng3 c5 11. dxc5 Nxc5 12. Be2 Qc7 13. Qe1 d5 14. exd5
Nxd5 15. Nxd5 Bxd5 16. Qf2 Bb7 17. Kh1 Rac8 18. c3 Rfd8 19. Rfd1 Qb8 20. b4
Nb3 21. Rxd8+ Bxd8 22. Rb1 Rxc3 23. Bd1 Bd5 24. Ne2 Qe5 25. Nxc3 Qxc3 26.
Bxb3 Bxb3 27. Bxb6 Bf6 28. Qc5 Bxa4 29. Qxc3 Bxc3 30. Rc1 {Black resigns}
1-0